 Dungeon Crawl Stone Soup version 0.20.0-9-g8272e65 (webtiles) character file.

3425 RKaid the Fighter (level 10, -14/92 (93) HPs)
             Began as a Ghoul Wizard on June 3, 2017.
             Was an Initiate of Ru.
             Demolished by an enormous slime creature (35 damage)
             ... on level 9 of the Dungeon.
             The game lasted 00:37:52 (10590 turns).

RKaid the Fighter (Ghoul Wizard)                   Turns: 10590, Time: 00:37:53

HP:   -14/92 (93)   AC:  9    Str: 20    XL:     10   Next: 5%
MP:   0/13          EV:  8    Int: 18    God:    Ru [......]
Gold: 424           SH:  0    Dex:  7    Spells: 14/14 levels left

rFire    . . .     SeeInvis .     - Unarmed
rCold    + + .     Gourm    .   (no shield)
rNeg     + + +     Faith    .   y - +0 chain mail {rC+}
rPois    ∞         Spirit   +   v - +0 hat
rElec    .         Reflect  .   m - scarf {Spirit}
rCorr    .         Harm     .   (no gloves)
MR       .....                  (no boots)
Stlth    ..........             (no amulet)
Regen    0.0/turn               (no ring)
MPRegen  0.2/turn               (no ring)

@: mighty, brilliant, flying, rotting, hasted, very quick
A: rotting body, claws 1, carnivore 3, cold resistance 1, negative energy
resistance 3, inhibited regeneration, torment resistance, unbreathing
a: Renounce Religion


You were on level 9 of the Dungeon.
You worshipped Ru.
Ru was noncommittal.
You were not hungry.

You visited 2 branches of the dungeon, and saw 10 of its levels.

You collected 424 gold pieces.

Inventory:

Hand Weapons
 b - a +1 hunting sling
   (You took it off a goblin on level 2 of the Dungeon)
 C - a +0 blowgun
   (You found it on level 8 of the Dungeon)
Missiles
 w - 245 stones (quivered)
 x - 48 sling bullets
Armour
 h - a +0 plate armour
   (You found it on level 3 of the Dungeon)
 m - a scarf of spirit shield (worn)
   (You found it on level 1 of the Dungeon)
 v - a +0 hat (worn)
 y - a +0 chain mail of cold resistance (worn)
   (You took it off an orc on level 4 of the Dungeon)
 D - a +2 robe of fire resistance
   (You took it off Psyche on level 8 of the Dungeon)
Jewellery
 r - an uncursed ring of ice {rC+, rF-}
   (You found it on level 7 of the Dungeon)
Wands
 z - a wand of lightning (0/15)
   (You found it on level 7 of the Dungeon)
 B - a wand of flame (33/48)
   (You took it off a gnoll on level 8 of the Dungeon)
Scrolls
 e - a scroll of fear {unknown}
 n - 2 scrolls of amnesia
 o - 7 scrolls of remove curse
 q - a scroll of torment {unknown}
 s - a scroll of blinking {!r}
 u - a scroll of immolation {unknown}
Potions
 i - a potion of ambrosia
 j - a potion of magic
 k - 3 potions of curing
 p - a potion of resistance
 A - a potion of haste
Books
 c - a book of Minor Magic
Comestibles
 d - 4 meat rations
 g - 2 royal jellies


   Skills:
 * Level 10.3 Fighting
 - Level 3.0 Armour
 - Level 1.7 Dodging
 - Level 2.1 Stealth
 * Level 10.3 Unarmed Combat
 - Level 2.6 Spellcasting
   Level 0.7 Conjurations
   Level 0.8 Summonings
   Level 0.8 Translocations


You had 14 spell levels left.
You didn't know any spells.

Dungeon Overview and Level Annotations

Branches:
Dungeon (9/15)             Temple (1/1) D:5
   Lair: D:8-11         Orc: D:9-12

Altars:
Ashenzari
Cheibriados
Dithmenos
Elyvilon
Fedhas
Gozag
Hepliaklqana
Kikubaaqudgha
Makhleb
Nemelex Xobeh
Okawaru
Qazlal
Ru
Sif Muna
Trog
Uskayaw
Vehumet
Xom
Yredelemnul
Zin
The Shining One

Shops:
D:7 [


Innate Abilities, Weirdness & Mutations

Your body is rotting away.
You thrive on raw meat.
You are immune to poison.
You have sharp fingernails.
You are carnivorous and can eat meat at any time.
Your flesh is cold resistant. (rC+)
You are immune to negative energy. (rN+++)
You do not regenerate when monsters are visible.
You are immune to unholy pain and torment.
You can survive without breathing.


Message History

Psyche shouts!
Psyche gestures at you while chanting. The magic dart hits you!
You closely miss Psyche.
Psyche glows with a rainbow of weird force.
Psyche barely misses you.
You claw Psyche! Psyche hits you with a dagger of chaos.
You scratch Psyche. Psyche closely misses you.
The two-headed ogre shouts in stereo!
You claw Psyche! Psyche hits you but does no damage.
You barely miss Psyche. Psyche hits you but does no damage.
You claw Psyche!
You kill Psyche!
You have reached level 10!
You feel stronger.
Press: ? - help, v - describe, . - travel, g - get item A dagger of chaos.
There is something else lying underneath.
The floor, spattered with blood.
Unknown command.
Things that are here:
a dagger of chaos; a runed robe; the human corpse of Psyche {!w}
D - a runed robe
Things that are here:
27 arrows; a whip You see here a whip.
There is a stone staircase leading up here.
Things that are here:
27 arrows; a whip All of the chunks of flesh in your inventory have rotted away.
There is a stone staircase leading down here.
You climb downwards.
The two-headed ogre shouts in stereo!
The two-headed ogre hits you with a giant club!!
The two-headed ogre hits you with a giant club!
There is a stone staircase leading up here.
The killer bee stings you.
The killer bee stings you but does no damage. x2
You feel your flesh rotting away. The killer bee stings you.
The killer bee stings you but does no damage.
The killer bee barely misses you. The killer bee stings you.
The killer bee barely misses you.
The killer bee stings you but does no damage.
The killer bee barely misses you.
The killer bee stings you but does no damage.
The killer bee stings you. The killer bee stings you.
The killer bee barely misses you. The killer bee closely misses you.
The killer bee stings you.
There is a stone staircase leading up here.
The killer bee stings you.
You climb upwards.
There is a stone staircase leading down here.
Okay, then.
You start resting.
The two-headed ogre shouts in stereo!
There is a stone staircase leading down here.
You climb downwards. 4 slime creatures come into view.
The slime creature quivers. x4
The slime creature hits you! x2
There is a stone staircase leading up here.
Your chain mail prevents you from hitting the slime creature.
The slime creature hits you but does no damage.
The slime creature hits you! The slime creature hits you.
The slime creature hits you but does no damage.
The slime creature hits you. The slime creature hits you!
Two slime creatures merge to form a large slime creature.
The slime creature hits you.
* * * LOW HITPOINT WARNING * * *
The slime creature hits you.
* * * LOW HITPOINT WARNING * * *
A killer bee comes into view.
The killer bee buzzes angrily.
Two slime creatures merge to form a large slime creature.
The killer bee closely misses you.
You feel yourself speed up.
The killer bee buzzes angrily.
The killer bee stings you.
* * * LOW HITPOINT WARNING * * *
Two slime creatures merge to form an enormous slime creature.
The killer bee barely misses you.
Okay, then.
Evoke which item? (* to show all) (? for menu, Esc to quit)
Aiming: Lightning Bolt (will waste charges)
Press: ? - help, Shift-Dir - straight line Nothing appears to happen.
The killer bee closely misses you.
It was a potion of brilliance.
You feel clever all of a sudden. The killer bee barely misses you.
It was a potion of flight.
You feel very buoyant.
You fly up into the air.
The killer bee stings you but does no damage.
It was a potion of might.
You feel very mighty all of a sudden. The enormous slime creature hits you!!!
You die...

.........# #...# ...y.....#
#...# .........#####...###
..................
#.####...####...## #.# #..[#
#...# #y# #..(# #...# #y#
#...# #...# #@# #...# #...# ..
#J# #.>.# #...#
...#########.####...# #...##
)....................####....$
.....................yO<......
..................>.#####.....
....................# #..<##
....................# #...#
....................#####...##


You could see an enormous slime creature and 3 killer bees.

Vanquished Creatures
  Psyche (D:8)
  Duvessa (D:7)
  2 sky beasts (D:7)
  A phantom (D:4)
  7 ogres
  2 centaurs
  2 bullfrogs
  Dowan (D:7)
  A water moccasin zombie (D:7)
  3 scorpions
  6 killer bees (D:9)
  An electric eel (D:8)
  3 wights (D:6)
  A howler monkey (D:7)
  A crimson imp (D:6)
  A bullfrog zombie (D:8)
  A quasit (D:7)
  A bullfrog skeleton (D:8)
  A gnoll shaman (D:7)
  5 hounds
  4 orc priests
  A jelly (D:7)
  6 orc wizards
  3 iguanas
  A worker ant (D:4)
  2 hound zombies
  2 hound skeletons
  12 adders
  15 gnolls
  A howler monkey skeleton (D:8)
  2 oozes
  An adder skeleton (D:8)
  A worm (D:6)
  2 dart slugs
  7 leopard geckos
  23 orcs
  A ball python (D:5)
  6 bats
  3 giant cockroaches
  8 goblins
  11 hobgoblins
  12 jackals
  6 quokkas
  5 frilled lizards
  6 kobolds
  A leopard gecko zombie (D:7)
  2 quokka skeletons
  A quokka zombie (D:8)
  7 rats
194 creatures vanquished.

Notes
Turn   | Place    | Note
-------+----------+-------------------------------------------
     0 | D:1      | RKaid the Ghoul Wizard began the quest for the Orb.
     0 | D:1      | Reached XP level 1. HP: 14/14 MP: 3/3
   241 | D:1      | Reached XP level 2. HP: 16/21 MP: 4/4
   350 | D:1      | Reached skill level 1 in Unarmed Combat
   390 | D:1      | Reached skill level 1 in Armour
   517 | D:1      | Reached skill level 1 in Fighting
   884 | D:2      | Reached XP level 3. HP: 11/27 MP: 6/6
  1261 | D:1      | HP: 6/28 [gnoll/spear (3)]
  1336 | D:2      | HP: 2/28 [adder (2)]
  1585 | D:2      | Reached skill level 2 in Unarmed Combat
  1707 | D:2      | Found a burning altar of Makhleb.
  1732 | D:2      | Reached XP level 4. HP: 35/36 MP: 5/7
  1966 | D:2      | Reached skill level 2 in Fighting
  1994 | D:2      | RKaid: !ac 8
  1994 | D:2      | beem: 2.75 armour skill per 1 AC for 8 base AC
  2165 | D:3      | HP: 7/37 [orc wizard/puff of flame (5)]
  2180 | D:3      | Reached XP level 5. HP: 35/44 MP: 6/8
  2255 | D:3      | Reached skill level 3 in Unarmed Combat
  2340 | D:3      | Reached skill level 3 in Fighting
  2454 | D:3      | Reached skill level 2 in Armour
  2997 | D:4      | Reached XP level 6. HP: 47/51 MP: 7/9
  3464 | D:4      | Noticed a phantom
  3529 | D:4      | Killed a phantom
  3529 | D:4      | Reached skill level 4 in Fighting
  3529 | D:4      | Reached skill level 4 in Unarmed Combat
  4251 | D:5      | Entered Level 5 of the Dungeon
  4549 | D:5      | Reached XP level 7. HP: 50/60 MP: 5/10
  4687 | D:5      | Reached skill level 5 in Fighting
  4765 | D:4      | Reached skill level 3 in Armour
  4765 | D:4      | Reached skill level 5 in Unarmed Combat
  5354 | D:5      | Found a staircase to the Ecumenical Temple.
  5363 | Temple   | Entered the Ecumenical Temple
  5468 | Temple   | Became a worshipper of Ru the Awakened
  5664 | D:5      | Reached skill level 6 in Fighting
  5800 | D:5      | Reached skill level 6 in Unarmed Combat
  5800 | D:5      | Reached XP level 8. HP: 68/70 MP: 11/11
  6035 | D:6      | Reached skill level 7 in Fighting
  6051 | D:6      | Reached skill level 7 in Unarmed Combat
  6206 | D:6      | Found an ancient bone altar of Kikubaaqudgha.
  6229 | D:6      | Noticed a troll
  6245 | D:6      | HP: 18/73 [troll (9)]
  6247 | D:6      | You fall through a shaft for 3 floors!
  6699 | D:9      | Reached skill level 8 in Fighting
  6715 | D:9      | Reached skill level 8 in Unarmed Combat
  6715 | D:9      | Reached XP level 9. HP: 61/81 MP: 8/12
  7111 | D:8      | Noticed a two-headed ogre
  7318 | D:7      | Reached skill level 9 in Fighting
  7393 | D:7      | Reached skill level 9 in Unarmed Combat
  7461 | D:7      | Noticed Duvessa
  7462 | D:7      | Noticed Dowan
  8073 | D:7      | Killed Duvessa
  8091 | D:7      | HP: 10/81 [Dowan/shard of ice (15)]
  8093 | D:7      | Killed Dowan
  8282 | D:6      | HP: 21/84 [troll (9)]
  8284 | D:6      | HP: 10/84 [troll (3)]
  8766 | D:7      | Found Zebbuhog's Armour Boutique.
  9520 | D:8      | Noticed a two-headed ogre
 10055 | D:8      | Reached skill level 10 in Unarmed Combat
 10114 | D:8      | Reached skill level 10 in Fighting
 10205 | D:8      | Noticed Psyche
 10212 | D:8      | Killed Psyche
 10212 | D:8      | Reached XP level 10. HP: 92/93 MP: 13/13
 10586 | D:9      | HP: 21/92 [killer bee (4)]
 10590 | D:9      | Demolished by an enormous slime creature

Skill      XL: |  1  2  3  4  5  6  7  8  9 |
---------------+----------------------------+-----
Unarmed Combat | 1 2 3 4 6 8 10 | 10.3
Armour         | 1 2 3 |  3.0
Fighting       | 1 2 3 4 6 8 10 | 10.3
Dodging        | |  1.7
Stealth        | |  2.1
Spellcasting   | |  2.6
Conjurations   | |  0.7
Summonings     | |  0.8
Translocations | |  0.8

Action                   |  1- 3 |  4- 6 |  7- 9 | 10-12 || total
-------------------------+-------+-------+-------+-------++-------
Melee: Unarmed           |   211 |   335 |   534 |     1 ||  1081
       Punch             |     1 |       |     8 |       ||     9
 Fire: Hunting sling     |       |    69 |     3 |       ||    72
Invok: Reject Sacrifices |       |       |     1 |       ||     1
Evoke: Wand              |       |       |     2 |       ||     2
  Use: Potion            |     1 |     1 |     6 |     4 ||    12
       Scroll            |       |     5 |     6 |       ||    11
  Eat: Chunk             |    20 |    25 |    55 |       ||   100
       Royal jelly       |       |       |     1 |       ||     1
Armor: Chain mail        |   156 |   213 |   322 |     8 ||   699
Dodge: Dodged            |    52 |    78 |   186 |     9 ||   325

Table legend:
 A = Turns spent in this place as a percentage of turns spent in the entire game.
 B = Non-inter-level travel turns spent in this place as a percentage of non-inter-level travel turns spent in the entire game.
 C = Inter-level travel turns spent in this place as a percentage of turns spent in this place.
 D = Turns resting spent in this place as a percentage of non-inter-level travel turns spent in this place.
 E = Turns spent auto-exploring this place as a percentage of non-inter-level travel turns spent in this place.
 F = Non-inter-level travel turns spent in this place divided by the number of levels of this place that you've seen.
                   A       B       C       D       E      F
               +-------+-------+-------+-------+-------+----------------------
         Total | 100.0 | 100.0 |   0.4 |   2.2 |   3.4 | 398.4
       Dungeon |  99.5 |  99.5 |   0.4 |   2.2 |   3.0 | 440.3
        Temple |   0.5 |   0.5 |   4.5 |   0.0 |  81.0 |  21.0
               +-------+-------+-------+-------+-------+----------------------

Table legend:
 A = Kills in this place as a percentage of kills in entire the game.
 B = Kills by you in this place as a percentage of kills by you in the entire game.
 C = Kills by friends in this place as a percentage of kills by friends in the entire game.
 D = Other kills in this place as a percentage of other kills in the entire game.
 E = Experience gained in this place as a percentage of experience gained in the entire game.
 F = Experience gained in this place divided by the number of levels of this place that you have seen.
                   A       B       C       D       E      F
               +-------+-------+-------+-------+-------+----------------------
         Total | 100.0 | 100.0 |  -nan |  -nan | 100.0 | 489.3
       Dungeon | 100.0 | 100.0 |  -nan |  -nan | 100.0 | 543.7
               +-------+-------+-------+-------+-------+----------------------
